| TOP OF THE 1ST |
|
Hagerstown Suns batting - Pitching for Atlanta (MID) Braves : RHP Jesus Cumba
|
|
Pitching: RHP Jesus Cumba
|
|
|
Batting: RHB Pat Drader
|
0-0: Ball 1-0: Ball 2-0: Ball 3-0: Base on Balls
|
|
Batting: RHB John McNeill
|
0-0: Ball 1-0: Called Strike 1-1: Ball 2-1: DOUBLE (Flyball, 78D, EV 106.2 MPH) Pat Drader to third
|
|
Batting: RHB Kevin Wick
|
0-0: Called Strike 0-1: Ball 1-1: Foul Ball, location: 2F 1-2: Ball 2-2: Ball 3-2: 3-RUN HOME RUN (Flyball, 7D, EV 103.1 MPH), Distance : 376 ft
|
|
Batting: RHB Jim Towle
|
0-0: Foul Ball, location: 2F 0-1: Foul Ball, location: 2F 0-2: Foul Ball, location: 2F 0-2: Strikes out swinging
|
|
Batting: RHB Justin Slifka
|
0-0: Called Strike 0-1: Swinging Strike 0-2: Foul Ball, location: 2F 0-2: Strikes out looking
|
|
Batting: RHB Felix Torres
|
0-0: Called Strike 0-1: Ball 1-1: Ball 2-1: Ground out 5-3 (Groundball, 56, EV 86.2 MPH)
|
| Top of the 1st over - 3 runs, 2 hits, 0 errors, 0 left on base; Hagerstown 3 - Atlanta (MID) 0 |
| BOTTOM OF THE 1ST |
|
Atlanta (MID) Braves batting - Pitching for Hagerstown Suns : RHP Chris Close
|
|
Pitching: RHP Chris Close
|
|
|
Batting: SHB Brandon McClain
|
0-0: Called Strike 0-1: Ground out U3 (Groundball, 34, EV 98.8 MPH)
|
|
Batting: RHB Andy Cunningham
|
0-0: Ball 1-0: Swinging Strike 1-1: DOUBLE (Flyball, 8RXD, EV 96.9 MPH)
|
|
Batting: RHB Xavier Davis
|
0-0: Called Strike Andy Cunningham steals 3rd base 0-1: Ball 1-1: SINGLE (Groundball, 34D, EV 94.4 MPH) Andy Cunningham scores
|
|
Batting: LHB Travis Lazaro
|
0-0: Ball Xavier Davis steals 2nd base 1-0: Foul Ball, location: 2F 1-1: Called Strike 1-2: Hit by Pitch
|
|
Batting: RHB Corey Dalton
|
0-0: Ball 1-0: Ball Xavier Davis steals 3rd base Travis Lazaro to second 2-0: Called Strike 2-1: Foul Ball, location: 2F 2-2: Ball 3-2: Fly out, F7 (Line Drive, 7D, EV 106.9 MPH)
|
|
Batting: LHB Mark Thomas
|
0-0: Foul Ball, location: 2F 0-1: Ball 1-1: Ball 2-1: SINGLE (Groundball, 34D, EV 98.8 MPH) (infield hit) Xavier Davis scores Travis Lazaro to third
|
|
Batting: RHB Mike Shook
|
0-0: Foul Ball, location: 2F 0-1: Foul Ball, location: 2F 0-2: Fielders Choice at 2nd, 5-4 (Groundball, 56, EV 80.6 MPH)
|
| Bottom of the 1st over - 2 runs, 3 hits, 0 errors, 2 left on base; Hagerstown 3 - Atlanta (MID) 2 |
| TOP OF THE 2ND |
|
Hagerstown Suns batting - Pitching for Atlanta (MID) Braves : RHP Jesus Cumba
|
|
Batting: SHB Kyle Larson
|
0-0: Ball 1-0: Ball 2-0: Foul Ball, location: 2F 2-1: SINGLE (Line Drive, 78M, EV 106.2 MPH)
|
|
Batting: RHB Scott Skoglund
|
0-0: Ball 1-0: Called Strike 1-1: Foul Ball, location: 2F 1-2: Ball 2-2: Strikes out swinging
|
|
Batting: RHB Bobby Dieter
|
0-0: Called Strike 0-1: Foul Ball, location: 2F 0-2: Strikes out swinging
|
|
Batting: RHB Pat Drader
|
0-0: Ball 1-0: Foul Ball, location: 2F 1-1: Foul Ball, location: 2F 1-2: Ball 2-2: Ground out U3 (Groundball, 3, EV 103.1 MPH)
|
| Top of the 2nd over - 0 runs, 1 hit, 0 errors, 1 left on base; Hagerstown 3 - Atlanta (MID) 2 |
| BOTTOM OF THE 2ND |
|
Atlanta (MID) Braves batting - Pitching for Hagerstown Suns : RHP Chris Close
|
|
Batting: RHB David Zelaya
|
0-0: Called Strike 0-1: Ball 1-1: Swinging Strike 1-2: Foul Ball, location: 2F 1-2: Foul Ball, location: 2F 1-2: SINGLE (Line Drive, 4MD, EV 110.6 MPH)
|
|
Batting: RHB Brian Huebner
|
0-0: Called Strike 0-1: SINGLE (Popup, 6D, EV 48.1 MPH) David Zelaya to second
|
|
Batting: SHB Brandon McClain
|
0-0: Called Strike 0-1: Foul Ball, location: 2F 0-2: Foul Ball, location: 2F 0-2: Strikes out swinging
|
|
Batting: RHB Andy Cunningham
|
0-0: Ball Passed Ball! David Zelaya to third Brian Huebner to second 1-0: Foul Ball, location: 2F 1-1: Ball 2-1: Foul Ball, location: 2F 2-2: Ball 3-2: Foul Ball, location: 2F 3-2: Strikes out looking
|
|
Batting: RHB Xavier Davis
|
0-0: Ball 1-0: SINGLE (Line Drive, 78S, EV 90.0 MPH) David Zelaya scores Brian Huebner to third Runner from 3rd tries for Home, SAFE, throw by LF to home
|
|
Batting: LHB Travis Lazaro
|
0-0: Ball 1-0: Ball 2-0: Called Strike Xavier Davis steals 2nd base 2-1: Foul Ball, location: 2F 2-2: Ball 3-2: Foul Ball, location: 2F 3-2: Foul Ball, location: 2F 3-2: Fly out, F9 (Flyball, 9LD, EV 101.2 MPH)
|
| Bottom of the 2nd over - 2 runs, 3 hits, 0 errors, 1 left on base; Hagerstown 3 - Atlanta (MID) 4 |
| TOP OF THE 3RD |
|
Hagerstown Suns batting - Pitching for Atlanta (MID) Braves : RHP Jesus Cumba
|
|
Batting: RHB John McNeill
|
0-0: Called Strike 0-1: Ball 1-1: SINGLE (Groundball, 6D, EV 109.4 MPH)
|
|
Batting: RHB Kevin Wick
|
Pickoff Throw to First - Error! E1 John McNeill to second 0-0: Fly out, F8 (Flyball, 8RD, EV 83.8 MPH)
|
|
Batting: RHB Jim Towle
|
0-0: Foul Ball, location: 2F 0-1: Ball 1-1: Ball 2-1: Ball 3-1: Foul Ball, location: 2F 3-2: Reached on error, E4 (Groundball, 4S, EV 71.9 MPH) John McNeill to third
|
|
Batting: RHB Justin Slifka
|
0-0: Ball Jim Towle steals 2nd base 1-0: Ground out 6-3 (Groundball, 6, EV 86.2 MPH) John McNeill scores
|
|
Batting: RHB Felix Torres
|
0-0: Foul Ball, location: 2F 0-1: Ground out 5-3 (Groundball, 56S, EV 77.5 MPH)
|
| Top of the 3rd over - 1 run, 1 hit, 2 errors, 1 left on base; Hagerstown 4 - Atlanta (MID) 4 |
| BOTTOM OF THE 3RD |
|
Atlanta (MID) Braves batting - Pitching for Hagerstown Suns : RHP Chris Close
|
|
Batting: RHB Corey Dalton
|
0-0: Ball 1-0: Ball 2-0: Foul Ball, location: 2F 2-1: SINGLE (Groundball, 4D, EV 95.6 MPH)
|
|
Batting: LHB Mark Thomas
|
0-0: Called Strike 0-1: Ball 1-1: Foul Ball, location: 2F 1-2: Strikes out swinging
|
|
Batting: RHB Mike Shook
|
0-0: Ball 1-0: Foul Ball, location: 2F 1-1: Swinging Strike 1-2: Strikes out swinging
|
|
Batting: RHB David Zelaya
|
0-0: Ball 1-0: Swinging Strike 1-1: Ball 2-1: Fly out, F7 (Flyball, 7LM, EV 88.1 MPH)
|
| Bottom of the 3rd over - 0 runs, 1 hit, 0 errors, 1 left on base; Hagerstown 4 - Atlanta (MID) 4 |
| TOP OF THE 4TH |
|
Hagerstown Suns batting - Pitching for Atlanta (MID) Braves : RHP Jesus Cumba
|
|
Batting: SHB Kyle Larson
|
0-0: Ball 1-0: Ball 2-0: Foul Ball, location: 2F 2-1: Ball 3-1: Base on Balls
|
|
Batting: RHB Scott Skoglund
|
0-0: Called Strike 0-1: Called Strike 0-2: Foul Ball, location: 2F 0-2: Strikes out swinging
|
|
Batting: RHB Bobby Dieter
|
0-0: DOUBLE (Line Drive, 7LM, EV 107.5 MPH) Kyle Larson to third
|
|
Batting: RHB Pat Drader
|
0-0: Ball 1-0: Ground out 5-3 (Groundball, 5S, EV 85.0 MPH)
|
|
Batting: RHB John McNeill
|
0-0: Ball 1-0: Swinging Strike 1-1: Ball 2-1: Foul Ball, location: 2F 2-2: Ball 3-2: Base on Balls
|
|
Batting: RHB Kevin Wick
|
0-0: Foul Ball, location: 2F 0-1: Ball 1-1: Fielders Choice at 2nd, 5-4 (Groundball, 5, EV 103.1 MPH)
|
| Top of the 4th over - 0 runs, 1 hit, 0 errors, 3 left on base; Hagerstown 4 - Atlanta (MID) 4 |
| BOTTOM OF THE 4TH |
|
Atlanta (MID) Braves batting - Pitching for Hagerstown Suns : RHP Chris Close
|
|
Batting: RHB Brian Huebner
|
0-0: Ball 1-0: Ground out 4-3 (Groundball, 4, EV 110.6 MPH)
|
|
Batting: SHB Brandon McClain
|
0-0: Fly out, F9 (Flyball, 9S, EV 83.1 MPH)
|
|
Batting: RHB Andy Cunningham
|
0-0: Hit by Pitch
|
|
Batting: RHB Xavier Davis
|
0-0: Ball 1-0: Called Strike Andy Cunningham steals 2nd base (no throw) 1-1: Called Strike 1-2: Foul Ball, location: 2F 1-2: Strikes out swinging
|
| Bottom of the 4th over - 0 runs, 0 hits, 0 errors, 1 left on base; Hagerstown 4 - Atlanta (MID) 4 |
| TOP OF THE 5TH |
|
Hagerstown Suns batting - Pitching for Atlanta (MID) Braves : RHP Jesus Cumba
|
|
Batting: RHB Jim Towle
|
0-0: Ball 1-0: Ground out 6-3 (Groundball, 6MS, EV 86.9 MPH)
|
|
Batting: RHB Justin Slifka
|
0-0: Ball 1-0: Ball 2-0: Foul Ball, location: 2F 2-1: SINGLE (Flyball, 89S, EV 90.0 MPH)
|
|
Batting: RHB Felix Torres
|
0-0: Ball 1-0: Ball 2-0: Called Strike 2-1: Called Strike 2-2: Ball 3-2: Base on Balls Justin Slifka to second
|
|
Batting: SHB Kyle Larson
|
0-0: Called Strike 0-1: Fly out, F6 (Popup, 6S, EV 69.4 MPH)
|
|
Batting: RHB Scott Skoglund
|
0-0: Called Strike 0-1: Ball 1-1: Ball 2-1: Foul Ball, location: 2F 2-2: Strikes out looking
|
| Top of the 5th over - 0 runs, 1 hit, 0 errors, 2 left on base; Hagerstown 4 - Atlanta (MID) 4 |
| BOTTOM OF THE 5TH |
|
Atlanta (MID) Braves batting - Pitching for Hagerstown Suns : RHP Chris Close
|
|
Batting: LHB Travis Lazaro
|
0-0: Ball 1-0: Ball 2-0: Ball 3-0: Base on Balls
|
|
Pitching: RHP Tony Estrada
|
|
|
Batting: RHB Corey Dalton
|
0-0: Ball Travis Lazaro steals 2nd base 1-0: Ball 2-0: Ball 3-0: Base on Balls
|
|
Batting: LHB Mark Thomas
|
0-0: Swinging Strike 0-1: Ball 1-1: Ball 2-1: Ball 3-1: Base on Balls Travis Lazaro to third Corey Dalton to second
|
|
Pinch Hitting: SHB Richello Badua
|
0-0: Called Strike 0-1: Ball 1-1: Ball 2-1: SINGLE (Line Drive, 5D, EV 96.2 MPH) Travis Lazaro scores Corey Dalton to third Mark Thomas to second Runner from 3rd tries for Home, SAFE, throw by LF to home
|
|
Batting: RHB David Zelaya
|
0-0: Swinging Strike 0-1: Called Strike 0-2: Ball 1-2: Strikes out swinging
|
|
Batting: RHB Brian Huebner
|
0-0: Ball 1-0: Called Strike 1-1: Ball 2-1: SINGLE (Groundball, 4MD, EV 103.8 MPH) Mark Thomas to third Richello Badua to second Runner from 3rd tries for Home, SAFE, throw by CF to home
|
|
Batting: SHB Brandon McClain
|
0-0: Called Strike Richello Badua steals 3rd base 0-1: Ball 1-1: SINGLE (Flyball, 8LS, EV 91.2 MPH) Richello Badua scores Brian Huebner to second
|
|
Batting: RHB Andy Cunningham
|
0-0: Ball 1-0: Ball 2-0: Called Strike 2-1: Ball 3-1: Fly out, F6 (Popup, 6MS, EV 65.0 MPH)
|
|
Batting: RHB Xavier Davis
|
0-0: Ball 1-0: Called Strike 1-1: Ball 2-1: Called Strike 2-2: Strikes out swinging
|
| Bottom of the 5th over - 4 runs, 3 hits, 0 errors, 2 left on base; Hagerstown 4 - Atlanta (MID) 8 |
| TOP OF THE 6TH |
|
Hagerstown Suns batting - Pitching for Atlanta (MID) Braves : RHP Jesus Cumba
|
|
Now at 2B: Kevin Kantor
|
|
|
Batting: RHB Bobby Dieter
|
0-0: Ball 1-0: Ball 2-0: Called Strike 2-1: Ball 3-1: Base on Balls
|
|
Pitching: RHP Craig Goguen
|
|
|
Batting: RHB Pat Drader
|
0-0: Foul Ball, location: 2F 0-1: Ball 1-1: SINGLE (Groundball, 6S, EV 73.1 MPH) (infield hit) Bobby Dieter to second
|
|
Batting: RHB John McNeill
|
0-0: Grounds into double play, 6-4-3 (Groundball, 6, EV 88.1 MPH) Bobby Dieter to third
|
|
Batting: RHB Kevin Wick
|
0-0: Ball 1-0: Called Strike 1-1: Called Strike 1-2: Ball 2-2: Ball 3-2: Strikes out swinging
|
| Top of the 6th over - 0 runs, 1 hit, 0 errors, 1 left on base; Hagerstown 4 - Atlanta (MID) 8 |
| BOTTOM OF THE 6TH |
|
Atlanta (MID) Braves batting - Pitching for Hagerstown Suns : RHP Tony Estrada
|
|
Pitching: RHP Gilberto Ricalde
|
|
|
Batting: LHB Travis Lazaro
|
0-0: Called Strike 0-1: Ball 1-1: Swinging Strike 1-2: Ground out 6-3 (Groundball, 6, EV 83.8 MPH)
|
|
Batting: RHB Corey Dalton
|
0-0: Called Strike 0-1: Ground out 4-3 (Groundball, 4MD, EV 103.1 MPH)
|
|
Batting: LHB Mark Thomas
|
0-0: Ball 1-0: Called Strike 1-1: Ball 2-1: Foul Ball, location: 2F 2-2: Strikes out swinging
|
| Bottom of the 6th over - 0 runs, 0 hits, 0 errors, 0 left on base; Hagerstown 4 - Atlanta (MID) 8 |
| TOP OF THE 7TH |
|
Hagerstown Suns batting - Pitching for Atlanta (MID) Braves : RHP Craig Goguen
|
|
Pitching: RHP Jae-young Jhang
|
|
|
Batting: RHB Jim Towle
|
0-0: Ball 1-0: Ball 2-0: Called Strike 2-1: Ball 3-1: Swinging Strike 3-2: Foul Ball, location: 2F 3-2: Fly out, F8 (Flyball, 8LD, EV 84.4 MPH)
|
|
Batting: RHB Justin Slifka
|
0-0: Foul Ball, location: 2F 0-1: Swinging Strike 0-2: Fly out, F9 (Flyball, 89M, EV 85.0 MPH)
|
|
Batting: RHB Felix Torres
|
0-0: Ball 1-0: Swinging Strike 1-1: Swinging Strike 1-2: Foul Ball, location: 2F 1-2: Foul Ball, location: 2F 1-2: Ball 2-2: Ball 3-2: Strikes out swinging
|
| Top of the 7th over - 0 runs, 0 hits, 0 errors, 0 left on base; Hagerstown 4 - Atlanta (MID) 8 |
| BOTTOM OF THE 7TH |
|
Atlanta (MID) Braves batting - Pitching for Hagerstown Suns : RHP Gilberto Ricalde
|
|
Batting: LHB Kevin Kantor
|
0-0: Ball 1-0: Ball 2-0: Ball 3-0: Base on Balls
|
|
Batting: RHB David Zelaya
|
0-0: Bunt missed! 0-1: Bunt missed! 0-2: Foul Ball, location: 2F 0-2: SINGLE (Groundball, 56D, EV 98.8 MPH) Kevin Kantor to second
|
|
Batting: RHB Brian Huebner
|
0-0: Ball 1-0: Called Strike 1-1: Ball 2-1: Fielders Choice at 2nd, 1-6 (Groundball, 34S, EV 68.1 MPH) Kevin Kantor to third
|
|
Batting: SHB Brandon McClain
|
0-0: Ball 1-0: Swinging Strike 1-1: Ball 2-1: Swinging Strike 2-2: Foul Ball, location: 2F 2-2: Foul Ball, location: 2F 2-2: SINGLE (Groundball, 34D, EV 95.6 MPH) Kevin Kantor scores Brian Huebner to second Runner from 2nd tries for 3rd, SAFE, throw by RF made to third
|
|
Batting: RHB Andy Cunningham
|
0-0: Grounds into double play, 5-4-3 (Groundball, 15, EV 82.5 MPH)
|
| Bottom of the 7th over - 1 run, 2 hits, 0 errors, 1 left on base; Hagerstown 4 - Atlanta (MID) 9 |
| TOP OF THE 8TH |
|
Hagerstown Suns batting - Pitching for Atlanta (MID) Braves : RHP Jae-young Jhang
|
|
Batting: SHB Kyle Larson
|
0-0: Ball 1-0: Foul Ball, location: 2F 1-1: Swinging Strike 1-2: Reached on error, E7 (Flyball, 78D, EV 100.6 MPH)
|
|
Batting: RHB Scott Skoglund
|
0-0: Called Strike 0-1: Fly out, F9 (Flyball, 9S, EV 88.8 MPH)
|
|
Batting: RHB Bobby Dieter
|
0-0: Called Strike 0-1: Swinging Strike 0-2: Foul Ball, location: 2F 0-2: Foul Ball, location: 2F 0-2: Strikes out looking
|
|
Batting: RHB Pat Drader
|
0-0: Ball 1-0: Called Strike 1-1: Ball 2-1: SINGLE (Groundball, 6MD, EV 103.8 MPH) Kyle Larson to third Runner from 3rd tries for Home, SAFE, throw by CF to home
|
|
Pitching: LHP Enrique Lopez
|
|
|
Batting: RHB John McNeill
|
0-0: Ground out 4-3 (Groundball, 13, EV 81.9 MPH)
|
| Top of the 8th over - 1 run, 1 hit, 1 error, 1 left on base; Hagerstown 5 - Atlanta (MID) 9 |
| BOTTOM OF THE 8TH |
|
Atlanta (MID) Braves batting - Pitching for Hagerstown Suns : RHP Gilberto Ricalde
|
|
Pitching: RHP Roy Walker
|
|
|
Batting: RHB Xavier Davis
|
0-0: Foul Ball, location: 2F 0-1: Ground out 5-3 (Groundball, 56, EV 86.2 MPH)
|
|
Batting: LHB Travis Lazaro
|
0-0: Ball 1-0: Ground out 4-3 (Groundball, 4, EV 93.1 MPH)
|
|
Batting: RHB Corey Dalton
|
0-0: Ball 1-0: Called Strike 1-1: Ball 2-1: Swinging Strike 2-2: Strikes out swinging
|
| Bottom of the 8th over - 0 runs, 0 hits, 0 errors, 0 left on base; Hagerstown 5 - Atlanta (MID) 9 |
| TOP OF THE 9TH |
|
Hagerstown Suns batting - Pitching for Atlanta (MID) Braves : LHP Enrique Lopez
|
|
Batting: RHB Kevin Wick
|
0-0: Called Strike 0-1: Foul Ball, location: 2F 0-2: Ball 1-2: SINGLE (Line Drive, 78M, EV 108.8 MPH)
|
|
Batting: RHB Jim Towle
|
0-0: Grounds into double play, 5-4-3 (Groundball, 56, EV 95.0 MPH)
|
|
Batting: RHB Justin Slifka
|
0-0: Foul Ball, location: 2F 0-1: Ball 1-1: Ball 2-1: Swinging Strike 2-2: Fly out, F9 (Flyball, 89D, EV 90.6 MPH)
|
| Top of the 9th over - 0 runs, 1 hit, 0 errors, 0 left on base; Hagerstown 5 - Atlanta (MID) 9 |
|